 Dungeon Crawl Stone Soup version 0.17-a0-2220-g6fea741 (webtiles) character file.

47 Raultor the Chopper (level 3, -2/30 HPs)
             Began as a Vine Stalker Berserker on Oct 28, 2015.
             Was a Believer of Trog.
             Slain by a worm (6 damage)
             ... on level 2 of the Dungeon.
             The game lasted 00:05:13 (1004 turns).

Raultor the Chopper (Vine Stalker Berserker)        Turns: 1004, Time: 00:05:14

Health: -2/30      AC:  2    Str: 25    XL:     3   Next: 70%
Magic:  0/4        EV: 12    Int:  7    God:    Trog [**....]
Gold:   60         SH:  0    Dex: 13    Spells: 0 memorised, 2 levels left

rFire  . . .     SeeInvis .     a - +0 hand axe
rCold  . . .     Clarity  .     b - +0 animal skin
rNeg   . . .     SustAt   .     (no shield)
rPois  .         Gourm    .     (no helmet)
rElec  .         Spirit   +     (no cloak)
rCorr  .         Warding  .     (no gloves)
rMut   .         Stasis   .     (no boots)
MR     .....                    (no amulet)
Stlth  ..........               (no ring)
                                (no ring)

@: berserking, very quick, not resistant to hostile enchantments, extremely
unstealthy
A: fangs 2, regeneration 1, magic shield, antimagic bite, no device heal 3, rot
immunity
a: Berserk, Trog's Hand, Burn Spellbooks, Renounce Religion


You were on level 2 of the Dungeon.
You worshipped Trog.
Trog was pleased with you.
You were hungry.

You visited 1 branch of the dungeon, and saw 2 of its levels.

You collected 60 gold pieces.

Inventory:

Hand Weapons
 a - a +0 hand axe (weapon)
 q - a +2 short sword of holy wrath
Armour
 b - a +0 animal skin (worn)
 d - a +0 chain mail
Jewellery
 e - an uncursed amulet of the gourmand {unknown}
Scrolls
 f - a scroll of magic mapping {unknown}
 g - a scroll of blinking {unknown}
 j - a scroll of remove curse {unknown}
 k - a scroll of random uselessness {unknown}
 o - a scroll of identify {unknown}
 p - a scroll of recharging {unknown}
Potions
 h - a potion of degeneration {unknown}
 i - a potion of agility {unknown}
 l - a potion of haste {unknown}
Comestibles
 c - 2 bread rations
 m - 11 chunks of flesh
 n - a meat ration


   Skills:
 * Level 3.1 Fighting
 * Level 3.5 Axes
 + Level 1.9 Armour
 - Level 1.6 Dodging


You had 2 spell levels left.
You didn't know any spells.

Dungeon Overview and Level Annotations

Branches:
Dungeon (2/15)

Altars:


Innate Abilities, Weirdness & Mutations

You have extremely sharp teeth.
Your natural rate of healing is unusually fast.
When hurt, damage is shared between your health and your magic reserves.
Your bite disrupts and absorbs the magic of your enemies.
Potions and wands cannot restore your health.
You are immune to rotting.


Message History

Trog accepts your kill.
You hit the worm.
The worm is moderately wounded.
The worm bites you.
You hit the worm. You bite the worm. You drain its power.
You feel invigorated.
The worm is heavily wounded.
The worm bites you!
* * * LOW HITPOINT WARNING * * *
You are too injured to fight recklessly!
You are too injured to fight recklessly!
You are too injured to fight recklessly!
You are too injured to fight recklessly!
You are too injured to fight recklessly!
A red film seems to cover your vision as you go berserk!
You feel yourself moving faster!
You feel mighty!
You feel somewhat more hungry.
You hit the worm.
The worm is severely wounded.
The worm bites you.
You die...

## ####### ##.##
##.....## #...#
#.......# #...#
#......<# #...#
###.......# ####...#
######.........###
##..<...#
###......#.........##
...##...#
#....w@###.......#..###
.####.†.#
#......###.......##..†÷
## #...#
#...............#######
# ##.##
###..#######........###
# #.# ### ########..##
### #.# ##... ..# #.#
#... #.####.# #...
#...##(# #...


You could see a worm.

Vanquished Creatures
  2 giant geckos
  3 giant cockroaches (D:1)
  3 goblins (D:1)
  3 hobgoblins
  4 jackals
  A quokka (D:2)
  A ball python (D:2)
  7 bats
  9 giant newts
  11 kobolds
  2 rats (D:1)
46 creatures vanquished.

Notes
Turn   | Place    | Note
--------------------------------------------------------------
     0 | D:1      | Raultor the Vine Stalker Berserker began the quest for the Orb.
     0 | D:1      | Reached XP level 1. HP: 11/11 MP: 2/2
    73 | D:1      | Reached XP level 2. HP: 16/16 MP: 3/3
   188 | D:1      | Reached skill level 3 in Axes
   416 | D:1      | Reached XP level 3. HP: 20/20 MP: 4/4
   418 | D:1      | Reached ** piety under Trog
  1004 | D:2      | Slain by a worm

Vault maps used:
D:1:      lightli_arrival_windingriver, minmay_statues_item
D:2:      first_bread, minmay_lizard_king

Action                   || total
-------------------------++-------
Melee: Hand axe          ||   125
Invok: Berserk           ||     2
 Stab: Sleeping          ||     1
  Eat: Chunk             ||     1
